 Dungeon Crawl Stone Soup version 0.28.0 (webtiles) character file.

Game seed: 6517617105028514128

194 browni3141 the Chopper (level 5, -13/47 HPs)
             Began as a Minotaur Berserker on Feb 10, 2022.
             Was a Believer of Trog.
             Mangled by a warg (16 damage)
             ... on level 4 of the Dungeon.
             The game lasted 00:02:19 (2862 turns).

browni3141 the Chopper (Minotaur Berserker)         Turns: 2862, Time: 00:02:19

Health: -13/47     AC:  3    Str: 23    XL:     5   Next: 44%
Magic:  4/4        EV: 12    Int:  4    God:    Trog [**....]
Gold:   93         SH:  0    Dex: 10    Spells: 4/4 levels left

rFire   . . .      SeeInvis .   a - +0 hand axe
rCold   . . .      Faith    .   (no shield)
rNeg    . . .      Spirit   .   b - +0 animal skin
rPois   .          Reflect  .   (helmet restricted)
rElec   .          Harm     .   (no cloak)
rCorr   .          Rampage  .   (no gloves)
Will    .....                   s - +0 pair of boots
Stlth   +.........              (no amulet)
HPRegen 0.15/turn               (no ring)
MPRegen 0.09/turn               (no ring)

@: on berserk cooldown, slowed, very slow
A: horns 2, retaliatory headbutt
a: Renounce Religion, Berserk, Trog's Hand


You were on level 4 of the Dungeon.
You worshipped Trog.
Trog was pleased with you.
You visited 1 branch of the dungeon, and saw 4 of its levels.

You collected 93 gold pieces.

Inventory:

Hand Weapons
 a - a +0 hand axe (weapon)
Armour
 b - a +0 animal skin (worn)
 s - a +0 pair of boots (worn)
Wands
 p - a wand of polymorph (4)
Scrolls
 f - 2 scrolls of teleportation {unknown}
 g - 4 scrolls of identify {unknown}
 h - a scroll of noise {unknown}
 i - a scroll of immolation {unknown}
 l - a scroll of enchant armour {unknown}
 o - a scroll of torment {unknown}
 q - a scroll of vulnerability {unknown}
 r - a scroll of fear {unknown}
Potions
 c - a potion of mutation {unknown}
 d - a potion of haste {unknown}
 e - a potion of lignification {unknown}
 j - a potion of invisibility {unknown}
 k - a potion of berserk rage {unknown}
 m - a potion of magic {unknown}
 n - 2 potions of might {unknown}


   Skills:
 + Level 4.8 Fighting
 + Level 4.9 Axes
 + Level 4.0 Armour
 + Level 3.6 Dodging


You had 4 spell levels left.
You didn't know any spells.
Your spell library was empty.

Dungeon Overview and Level Annotations

Branches:
Dungeon (4/15)
 Temple: D:4-7

Altars:


Innate Abilities, Weirdness & Mutations

You have a pair of horns on your head.
You reflexively headbutt those who attack you in melee.


Message History

No target in view!
You feel a strong urge to attack something.
You now have 93 gold pieces (gained 13).
You start waiting.
You feel your anger nearly subside.
You are no longer berserk.
You are exhausted.
You feel yourself slow down.
You open the door.
An iguana and an ogre come into view.
You hear the slow hiss of an avalanche of sand nearby.
The iguana hisses angrily.
The ogre shouts!
You hear an angry hiss.
An adder comes into view.
You hit the ogre.
The ogre is lightly wounded.
The ogre hits you with a +0 giant club.
The ogre hits you with a +0 giant club!!
Ouch! That really hurt!
Unknown command.
Aiming: Polymorph
Press: ? - help, Shift-Dir - straight line, f - ogre
Aim: an ogre, wielding a +0 giant club (lightly wounded, will become a hornet, a warg, or an iguana, chance to affect: 49%)
The ogre resists with some effort.
The ogre closely misses you.
Aiming: Polymorph
Press: ? - help, Shift-Dir - straight line, f/p - ogre
Aim: an ogre, wielding a +0 giant club (lightly wounded, will become a hornet, a warg, or an iguana, chance to affect: 49%)
The ogre resists with some effort.
The iguana hisses menacingly.
The ogre closely misses you. You furiously retaliate!
You headbutt the ogre.
Aiming: Polymorph
Press: ? - help, Shift-Dir - straight line, f/p - ogre
Aim: an ogre, wielding a +0 giant club (lightly wounded, will become a hornet, a warg, or an iguana, chance to affect: 49%)
The ogre resists with some effort.
The ogre hits you with a +0 giant club!
* * * LOW HITPOINT WARNING * * *
Unknown command.
Aiming: Polymorph
Press: ? - help, Shift-Dir - straight line, f/p - ogre
Aim: an ogre, wielding a +0 giant club (lightly wounded, will become a hornet, a warg, or an iguana, chance to affect: 49%)
The ogre evaporates and reforms as a warg!
The warg bites you!
You die...

#....+............
###....##.....(.......
#..........#####.....#
#..........######.##.#
#...........)....... #
##..........#######.#
.................#
##....†.....####.#
............@.#
#############h# #l#
.S. ..... .......
S.......# .........#
..........#


You could see a warg, an iguana and an adder.

Vanquished Creatures
  An orc priest (D:3)
  An orc wizard (D:3)
  4 adders
  An adder skeleton (D:3)
  A worm (D:3)
  A dart slug (D:1)
  5 orcs (D:3)
  11 ball pythons
  7 endoplasms
  6 giant cockroaches
  8 goblins
  3 hobgoblins
  9 jackals
  5 kobolds
  6 quokkas
  9 bats
  5 frilled lizards
  2 rats (D:2)
85 creatures vanquished.

Notes
Turn   | Place    | Note
-------+----------+-------------------------------------------
     0 | D:1      | browni3141 the Minotaur Berserker began the quest for the
                  | Orb.
     0 | D:1      | Reached XP level 1. HP: 19/19 MP: 0/0
   422 | D:1      | Reached XP level 2. HP: 27/27 MP: 1/1
  1040 | D:2      | Reached XP level 3. HP: 31/33 MP: 2/2
  1074 | D:2      | Reached ** piety under Trog
  1533 | D:2      | Reached XP level 4. HP: 31/41 MP: 3/3
  2540 | D:3      | Reached XP level 5. HP: 47/47 MP: 4/4
  2856 | D:4      | Noticed an ogre
  2862 | D:4      | Noticed a warg
  2862 | D:4      | an ogre changed into a warg
  2862 | D:4      | Mangled by a warg

Illustrated notes

Levels and vault maps discovered:
D:1:      roderic_chinese_lattice_arrival, layout_loops_ring,
          lemuel_old_faithful
D:2:      layout_basic, minmay_small_reverse_x
D:3:      layout_rooms
D:4:      layout_basic, enter_ossuary_4, minmay_unequal

Skill      XL: |  1  2  3  4  5 |
---------------+----------------+-----
Axes           | 4 |  4.9
Fighting       | 4 |  4.8
Armour         | 3 4 |  4.0
Dodging        | 3 |  3.6

Action                   |  1- 3 |  4- 6 || total
-------------------------+-------+-------++-------
Melee: Hand axe          |   101 |    55 ||   156
       Headbutt          |     7 |     7 ||    14
Invok: Berserk           |       |     3 ||     3
Evoke: Wand              |       |     4 ||     4
Armor: Animal skin       |    26 |    11 ||    37
Dodge: Dodged            |    94 |    36 ||   130
